Map: Old Republic LE

Players

SCIInewby

  • Race: Protoss Protoss
  • League: Master
  • Spawn Location: 1:00

MOSCOW - Winner!

  • Race: Terran Terran
  • League: Platinum
  • Spawn Location: 7:00

VOD

Have the link to the VOD?

Description

Time

  • Played on: Feb. 6, 2026, 8:23 p.m.
  • Length: 8:38
Show
View Real Time Build Order
Export as new Build Order

SCIInewby Protoss 

Build Orders:  

Get SALT Encoding   

  12  0:01  Probe  
  13  0:14  Probe  
  14  0:23  Pylon  
  15  0:35  Probe  
  15  0:49  Gateway  
  14  0:58  Probe  
  15  1:06  Probe  
  16  1:15  Probe, Gateway  
  16  1:27  Probe  
  17  1:37  Pylon  
  17  1:39  Pylon  
  15  1:47  Probe  
  14  1:59  Probe  
  14  2:00  Zealot  
  15  2:11  Probe  
  16  2:16  Zealot  
  18  2:23  Probe  
  19  2:35  Probe  
  20  2:48  Probe  
  21  3:01  Forge  
  21  3:04  Cybernetics Core  
  21  3:10  Zealot  
  21  3:11  Zealot  
  25  3:21  Assimilator  
  25  3:22  Probe  
  26  3:37  Photon Cannon  
  26  4:03  Zealot  
  28  4:32  Probe  
  28  4:35  Nexus  
  29  4:41  Pylon  
  29  4:44  Probe  
  28  4:50  Pylon  
  28  4:56  Probe  
  29  5:00  Pylon  
  29  5:08  Probe  
  30  5:16  Pylon  
  30  5:20  Probe  
  31  5:26  Assimilator  
  31  5:29  Assimilator, Photon Cannon  
  31  5:31  Pylon  
  31  5:32  Probe  
  31  5:33  Pylon  
  32  5:39  Warp Gate  
  32  5:41  Photon Cannon  
  32  5:44  Probe  
  33  5:52  Probe  
  34  5:58  Assimilator  
  34  6:00  Probe  
  35  6:04  Pylon  
  35  6:10  Protoss Ground Weapons Level 1  
  35  6:11  Probe  
  36  6:22  Probe  
  36  6:24  Probe  
  37  6:30  Probe  
  37  6:32  Probe  
  38  6:38  Probe  
  40  6:41  Probe  
  42  6:48  Twilight Council  
  42  6:49  Probe  
  43  6:56  Pylon  
  43  7:00  Pylon  
  43  7:01  Probe  
  43  7:02  Probe  
  45  7:14  Probe x2  
  38  7:24  Gateway  
  38  7:25  Gateway  
  38  7:26  Probe x2  
  38  7:29  Zealot  
  42  7:30  Zealot  
  44  7:39  Robotics Facility  
  44  7:46  Gateway  
  44  7:52  Photon Cannon  
  44  7:54  Probe  
  44  7:56  Probe, Photon Cannon  
  41  8:06  Stalker  
  41  8:07  Stalker  
  45  8:25  Zealot  
Show
View Real Time Build Order
Export as new Build Order

MOSCOW Terran - Winner!

Build Orders:  

Get SALT Encoding   

  12  0:01  SCV  
  13  0:13  SCV  
  14  0:26  SCV  
  15  0:41  Supply Depot  
  15  1:02  SCV  
  16  1:14  SCV  
  17  1:26  SCV  
  18  1:38  SCV  
  17  1:51  SCV  
  18  2:03  SCV  
  19  2:15  SCV  
  20  2:24  Refinery  
  20  2:25  Refinery  
  20  2:27  SCV  
  20  3:09  Barracks  
  20  3:11  Barracks  
  20  3:12  Barracks  
  20  3:13  Barracks  
  20  3:15  Barracks  
  20  3:18  Barracks x2  
  20  3:34  Supply Depot  
  20  3:36  Supply Depot  
  20  3:37  Supply Depot  
  18  3:52  SCV  
  19  4:04  SCV  
  20  4:16  Marine x2, SCV  
  23  4:28  SCV  
  24  4:47  Marine x4  
  24  4:48  Marine x2  
  30  5:06  Marine x4  
  30  5:07  Marine x2  
  36  5:25  Orbital Command  
  36  5:32  Supply Depot  
  36  5:43  Marine x3  
  36  5:44  Marine x4  
  43  6:01  Marine x2  
  43  6:02  Marine x5  
  50  6:20  Marine x5  
  55  6:27  Marine x2  
  57  6:38  Marine x5  
  62  6:45  Marine  
  54  7:31  SCV  
  55  7:43  SCV  
  56  7:55  SCV  
  55  8:07  SCV  
Tags
 
Add a new tag
Caveats
  • Supply blocks, unpowered buildings, or Contaminate may cause inaccurate times.
  • Supply counts are checked every 10 seconds.